 Dungeon Crawl Stone Soup version 0.28.0-45-g0d030f2227 (webtiles) character file.

Game seed: 4688563133505448675

143 101zpm the Magician (level 5, 0/35 HPs)
             Began as a Djinni Ice Elementalist on Apr 12, 2022.
             Killed from afar by a white imp (13 damage)
             ... with a puff of frost
             ... on level 3 of the Dungeon.
             The game lasted 00:08:51 (3724 turns).

101zpm the Magician (Djinni Ice Elementalist)       Turns: 3724, Time: 00:08:51

Health: 0/35       AC:  2    Str:  7    XL:     5   Next: 50%
Gold:   85         EV: 12    Int: 18    God:
                   SH:  0    Dex: 14

rFire   + + .      SeeInvis .   h - +2 falchion (vorpal)
rCold   x . .      Faith    .   (no shield)
rNeg    . . .      Spirit   .   a - +0 robe
rPois   ∞          Reflect  .   (no helmet)
rElec   .          Harm     .   (no cloak)
rCorr   .          Rampage  .   (no gloves)
Will    .....                   (boots unavailable)
Stlth   ++........              (no amulet)
HPRegen 0.11/turn               (no ring)
MPRegen 0.00/turn               (no ring)

@: freezing walls, flying, very slightly contaminated
A: sickness immunity, fire resistance 2, cold vulnerability 1, float, innate
caster, HP casting, extra vitality 1
a: no special abilities


You were on level 3 of the Dungeon.
You visited 1 branch of the dungeon, and saw 3 of its levels.

You collected 85 gold pieces.

Inventory:

Hand Weapons
 h - a +2 vorpal falchion (weapon)
 l - a +3 dagger
Missiles
 c - 114 stones
Armour
 a - a +0 robe (worn)
Scrolls
 f - 2 scrolls of identify {unknown}
 g - a scroll of teleportation {unknown}
 i - a scroll of immolation {unknown}
 j - a scroll of fear {unknown}
 k - a scroll of amnesia {unknown}
 m - a scroll of fog {unknown}
 n - a scroll of acquirement {unknown}
Potions
 b - 2 potions of might {unknown}
 d - a potion of resistance {unknown}
 e - 3 potions of heal wounds {unknown}


   Skills:
 + Level 0.1 Fighting
 + Level 2.4 Dodging
 + Level 2.2 Stealth
 + Level 4.7 Spellcasting


You couldn't memorise any spells.
You knew the following spells:

 Your Spells              Type           Power      Damage    Failure   Level
a - Freeze                Ice            84%        1d10      1%          1
b - Frozen Ramparts       Ice            42%        1d6       6%          3
c - Ozocubu's Armour      Ice            21%        N/A       6%          3
d - Hailstorm             Conj/Ice       21%        3d6       19%         4
e - Animate Skeleton      Necr           42%        N/A       1%          1
f - Corpse Rot            Necr/Air       42%        N/A       3%          2
Your spell library was empty.

Dungeon Overview and Level Annotations

Branches:
Dungeon (3/15)

Altars:
Cheibriados
Kikubaaqudgha
Nemelex Xobeh
Ru
Wu Jian

Shops:
D:1 =

Annotations:
D:2 Sigmund


Innate Abilities, Weirdness & Mutations

You are immune to sickness and miasma.
You are immune to poison.
Your flesh is very heat resistant. (rF++)
You are vulnerable to cold. (rC-)
You float through the air rather than walking.
You learn spells naturally, not from books.
Your magical power is your life essence.
You have superior vitality. (+4 MHP)


Message History

Press: ? - help, Q - select action, (/) - cycle Shift-Dir - straight line, f/p - white imp
Aim: a white imp (moderately wounded)
You freeze the white imp.
The white imp resists.
The white imp is moderately wounded.
The white imp resists.
The wall freezes the white imp.
The white imp gestures at you. The puff of frost misses you.
Aiming: Freeze (safe; 1% risk of failure)
Press: ? - help, Q - select action, (/) - cycle Shift-Dir - straight line, f/p - white imp
Aim: a white imp (heavily wounded)
You freeze the white imp but do no damage.
The white imp completely resists.
The white imp resists.
The wall freezes the white imp.
The white imp shouts, "Tremble, thou dissembling fly-bitten varlet!"
The white imp barely misses you.
Aiming: Freeze (safe; 1% risk of failure)
Press: ? - help, Q - select action, (/) - cycle Shift-Dir - straight line, f/p - white imp
Aim: a white imp (heavily wounded)
You freeze the white imp.
The white imp resists.
The white imp is heavily wounded.
The white imp completely resists.
The wall freezes the white imp but does no damage.
The white imp hits you but does no damage.
Aiming: Freeze (safe; 1% risk of failure)
Press: ? - help, Q - select action, (/) - cycle Shift-Dir - straight line, f/p - white imp
Aim: a white imp (heavily wounded)
You freeze the white imp but do no damage.
The white imp completely resists.
The white imp completely resists.
The wall freezes the white imp but does no damage.
The white imp completely misses you.
You hit the white imp.
The white imp is almost dead.
The white imp completely resists.
The wall freezes the white imp but does no damage.
The white imp barely misses you.
The white imp completely resists.
The wall freezes the white imp but does no damage.
The white imp gestures at you. The puff of frost hits you!
You feel a terrible chill!
You die...

#...##......# #......
##'#.......### #......
######..##.#.##.# #......
##..##....#...##.######......
#.†..'....#####..............
#....##..##..##..####.....#.#
####..#####+....#...#
#.....#..
##..#'##.)(##..5.#.#.#
#.....###
#..†.##.....##)@##.#.#
#...##P.#
#....'.......##'##...#
#..)#..._
##..##...8...##..#####
#...#.... ##+##.....).'....#
#...'P⌠._ ##.....##....#
#...#.... ##.(.##+#..##
#...#..P_ ##### ####
#...##..# #.....P#P #.....###


You could see a white imp.

Vanquished Creatures
  A hound (D:3)
  Jessica (D:2)
  Terence (D:2)
  A worm (D:3)
  3 dart slugs
  2 endoplasms (D:2)
  A giant cockroach (D:1)
  9 goblins
  8 hobgoblins
  3 jackals (D:1)
  2 quokkas (D:1)
  8 ball pythons
  A bat (D:1)
  A frilled lizard (D:1)
  5 kobolds
  4 rats
51 creatures vanquished.

Notes
Turn   | Place    | Note
-------+----------+-------------------------------------------
     0 | D:1      | 101zpm the Djinni Ice Elementalist began the quest for the
                  | Orb.
     0 | D:1      | Reached XP level 1. HP: 15/15 MP: 0/0
    45 | D:1      | You are sucked into a shaft and drop 1 floor!
   131 | D:2      | Noticed Jessica
   150 | D:1      | Reached XP level 2. HP: 20/21 MP: 0/0
   866 | D:1      | Reached XP level 3. HP: 23/25 MP: 0/0
   866 | D:1      | Learned a level 1 spell: Animate Skeleton
  1206 | D:1      | Found Woicir's Jewellery Shop.
  1353 | D:1      | Found a faded altar of an unknown god.
  1389 | D:1      | Reached skill level 4 in Spellcasting
  2004 | D:2      | Killed Jessica
  2005 | D:2      | Reached XP level 4. HP: 21/31 MP: 0/0
  2529 | D:2      | Noticed Terence
  2534 | D:2      | Killed Terence
  2547 | D:2      | Noticed Sigmund
  2955 | D:3      | Found a sparkling altar of Nemelex Xobeh.
  2998 | D:3      | Found a sacrificial altar of Ru.
  3005 | D:3      | Found a snail-covered altar of Cheibriados.
  3021 | D:3      | Reached XP level 5. HP: 19/35 MP: 0/0
  3021 | D:3      | Learned a level 2 spell: Corpse Rot
  3226 | D:3      | Found an ornate altar of the Wu Jian Council.
  3724 | D:3      | Killed from afar by a white imp

Illustrated notes

Levels and vault maps discovered:
D:1:      dpeg_arrival_three_same_balls, layout_basic, serial_shops,
          nicolae_shop_hallway_plus, chequers_ecumenical_altar_island
D:2:      layout_rooms, uniq_terence, uniq_sigmund, uniq_jessica
D:3:      minmay_bubble_buster, layout_basic, nicolae_ru_path_of_blood,
          slow_altar_1, gammafunk_temple_overflow_forgotten

Skill      XL: |  1  2  3 |
---------------+----------+-----
Spellcasting   | 4 |  4.7
Stealth        | 2 |  2.2
Fighting       | |  0.1
Dodging        | |  2.4

Action                   |  1- 3 |  4- 6 || total
-------------------------+-------+-------++-------
Melee: Falchion          |       |     1 ||     1
 Cast: Freeze            |    40 |    28 ||    68
       Frozen Ramparts   |     5 |     9 ||    14
Armor: Robe              |     6 |     5 ||    11
Dodge: Dodged            |    26 |    28 ||    54
